AoeStats
← vincent.barre29

Fortress

509598208Analyzed
4v4 RM · 5d ago on Sep 27, 2026· 43m 23s· 8 players
Game mode
Random Map
Map size
Huge
Population
200
Speed
Normal
Resources
Standard
Victory
Conquest
Starting age
Dark Age
Ending age
Imperial Age
RankedLock teamsTeams togetherTeam positionsShared explorationLock speedFull tech treeHidden civsTurbo modeCheats
Victory
Defeat
🇪🇸 Spanish · Spain
811
+13
🇫🇷 Teutons · France
799
+13
🇬🇧 Britons · United Kingdom
788
+14
🇷🇴 Bohemians · Romania
726
+15
🇮🇳 Saracens · India
797
-16
🇹🇷 Ethiopians · Türkiye
749
-14
🇺🇸 Bulgarians · United States
705
-13
🇹🇷 Franks · Türkiye
681
-12
Agent P
6:18 Feudal Age
6:29 Loom
6:56 Horse Collar
14:04 Castle Age
15:10 Double-Bit Axe
15:50 Fletching
15:53 Town Watch
17:11 Heavy Plow
20:56 Elite Skirmisher
22:52 Wheelbarrow
23:45 Bow Saw
28:46 Imperial Age
27:23 Wagenburg Tactics
28:45 Ballistics
29:26 Chemistry
28:21 Murder Holes
30:28 Conscription
29:38 Sappers
31:31 Hand Cart
37:28 Padded Archer Armor
37:23 Bodkin Arrow
37:30 Scale Mail Armor
37:41 Forging
39:10 Caravan
40:00 Chain Mail Armor
39:46 Bracer
40:01 Leather Archer Armor
43:00 Houfnice
Evil Empire
8:54 Feudal Age
9:29 Double-Bit Axe
9:31 Horse Collar
12:14 Padded Archer Armor
12:05 Fletching
13:42 Loom
16:17 Castle Age
18:09 Gold Mining
19:16 Wheelbarrow
20:57 Bow Saw
23:59 Caravan
24:54 Hand Cart
24:46 Town Watch
25:04 Stone Mining
26:02 Bodkin Arrow
26:54 Heavy Plow
27:44 Leather Archer Armor
32:09 Imperial Age
31:15 Ballistics
31:56 Gold Shaft Mining
32:32 Elite Longbowman
32:44 Pikeman
34:55 Chemistry
35:14 Ring Archer Armor
34:22 Halberdier
36:33 Bracer
40:24 Two-Man Saw
40:26 Yeomen
41:34 Forging
CraminiNagini
7:42 Feudal Age
8:54 Double-Bit Axe
9:14 Horse Collar
13:56 Castle Age
14:04 Wheelbarrow
13:17 Loom
14:08 Wheelbarrow
13:39 Padded Archer Armor
15:21 Heavy Plow
15:35 Bow Saw
43:50 Hand Cart
43:54 Leather Archer Armor
vincent.barre29
0:38 Loom
6:30 Feudal Age
7:01 Double-Bit Axe
6:58 Horse Collar
16:27 Castle Age
17:34 Bow Saw
17:27 Heavy Plow
18:24 Caravan
18:40 Pikeman
24:27 Forging
24:18 Scale Mail Armor
24:24 Scale Barding Armor
25:43 Wheelbarrow
25:00 Town Watch
25:55 Fletching
27:57 Ballistics
32:10 Imperial Age
30:24 Bodkin Arrow
31:09 Iron Casting
33:56 Chemistry
32:20 Heavy Scorpion
32:50 Elite Teutonic Knight
35:35 Two-Man Saw
35:12 Crop Rotation
36:37 Gold Mining
40:38 Hand Cart
40:45 Halberdier
41:26 Squires
40:51 Cavalier
41:41 Bloodlines
oguayd
7:02 Feudal Age
5:17 Loom
8:33 Wheelbarrow
8:29 Double-Bit Axe
16:13 Stone Mining
20:52 Castle Age
20:41 Gold Mining
26:01 Hand Cart
38:01 Gold Shaft Mining
38:13 Caravan
38:44 Coinage
42:28 Imperial Age
40:14 Elite Skirmisher
Looting
3:47 Loom
9:29 Feudal Age
16:15 Castle Age
15:43 Forging
16:25 Horse Collar
17:06 Scale Barding Armor
17:02 Scale Mail Armor
16:53 Fletching
16:56 Light Cavalry
23:20 Pikeman
24:22 Chain Mail Armor
29:30 Imperial Age
28:06 Wheelbarrow
29:34 Gambesons
29:43 Capped Ram
30:49 Conscription
33:49 Siege Ram
34:53 Hand Cart
38:36 Hussar
39:41 Stirrups
40:08 Chain Barding Armor
40:24 Iron Casting
41:24 Plate Barding Armor
41:35 Husbandry
42:27 Padded Archer Armor
42:24 Bodkin Arrow
42:03 Elite Skirmisher
42:49 Thumb Ring
ozgurulas90
7:10 Feudal Age
13:50 Castle Age
14:10 Horse Collar
14:21 Double-Bit Axe
16:07 Heavy Plow
16:00 Stone Mining
16:01 Gold Mining
16:32 Forging
16:27 Scale Mail Armor
19:44 Stone Shaft Mining
19:45 Gold Shaft Mining
21:18 Bow Saw
25:37 Imperial Age
26:53 Conscription
25:53 Elite Shotel Warrior
32:55 Fletching
33:06 Padded Archer Armor
33:41 Iron Casting
33:22 Chain Mail Armor
33:17 Scale Barding Armor
32:55 Elite Skirmisher
35:16 Heavy Scorpion
36:49 Town Watch
37:40 Wheelbarrow
36:51 Loom
40:33 Town Patrol
41:52 Two-Man Saw
41:54 Hand Cart
42:02 Hand Cart
BLYAAAT
4:39 Loom
7:47 Feudal Age
10:47 Double-Bit Axe
11:41 Horse Collar
17:41 Castle Age
42:04 Elite Skirmisher
Connection lost

Rejoining the realm…

Still unreachable

The connection could not be restored.

Session expired

The server has moved on; the page needs a fresh start.